PIO (24 & UNDER)
SEATTLE RAINIERS @ CHULA VISTA TACOS
07/25/2026
 
TOP OF THE 1ST
Seattle Rainiers batting - Pitching for Chula Vista Tacos : RHP Roberto Carrillo
Pitching: RHP Roberto Carrillo
Batting: RHB Alfredo Farías 0-0: SINGLE (Groundball, 34D)
Batting: LHB Mike White 0-0: Ball
1-0: Called Strike
1-1: Ball
2-1: Swinging Strike
2-2: Strikes out swinging
Batting: RHB Enrique Mendoza 0-0: Ball
1-0: SINGLE (Line Drive, 7S)
Alfredo Farías to second
Batting: LHB Alan Moore 0-0: Called Strike
0-1: Called Strike
Alfredo Farías steals 3rd base
Enrique Mendoza to second
0-2: Fly out, F5 (Popup, 5SF)
Batting: RHB Robert Marks 0-0: Ball
1-0: Called Strike
1-1: Swinging Strike
1-2: Foul Ball, location: 2F
1-2: Ball
2-2: Ball
3-2: Reached on Error, E5 (Popup, 25)
Alfredo Farías scores
Enrique Mendoza to third
Batting: LHB Will Hill 0-0: Called Strike
0-1: Ball
1-1: Ball
2-1: Fly out, F8 (Flyball, 8LM)
Top of the 1st over - 1 run(s), 2 hit(s), 1 error(s), 2 left on base; Seattle 1 - Chula Vista 0
BOTTOM OF THE 1ST
Chula Vista Tacos batting - Pitching for Seattle Rainiers : RHP Lúcio Feliciano
Pitching: RHP Lúcio Feliciano
Batting: RHB Gustavo Torres 0-0: Called Strike
0-1: Ground out 4-3 (Groundball, 4)
Batting: LHB Jaime Icaza 0-0: Ball
1-0: Foul Ball, location: 2F
1-1: Ground out 6-3 (Groundball, 6)
Batting: RHB Johnny Williams 0-0: Ball
1-0: TRIPLE (Line Drive, 89M)
Batting: RHB Joel Carlson 0-0: Ball
1-0: Fly out, F7 (Flyball, 7M)
Bottom of the 1st over - 0 run(s), 1 hit(s), 0 error(s), 1 left on base; Seattle 1 - Chula Vista 0
TOP OF THE 2ND
Seattle Rainiers batting - Pitching for Chula Vista Tacos : RHP Roberto Carrillo
Batting: RHB Howard Russell 0-0: Called Strike
0-1: Foul Ball, location: 2F
0-2: Strikes out swinging
Batting: RHB Albert Cordero 0-0: Ball
1-0: Swinging Strike
1-1: Foul Ball, location: 2F
1-2: Strikes out swinging
Batting: RHB John Hill 0-0: Called Strike
0-1: Ball
1-1: Ball
2-1: Ball
3-1: Base on Balls
Batting: RHB Alfredo Farías 0-0: Foul Ball, location: 2F
0-1: Foul Ball, location: 2F
0-2: DOUBLE (Line Drive, 3D)
John Hill to third
Batting: LHB Mike White 0-0: Ball
1-0: Ball
2-0: Ball
3-0: Called Strike
3-1: DOUBLE (Flyball, 9LM)
John Hill scores
Alfredo Farías scores
Batting: RHB Enrique Mendoza 0-0: Ball
1-0: Swinging Strike
1-1: Foul Ball, location: 2F
1-2: DOUBLE (Line Drive, 78D)
Mike White scores
Batting: LHB Alan Moore 0-0: Ball
1-0: Ball
Wild Pitch!
Enrique Mendoza to third
2-0: Foul Ball, location: 2F
2-1: Ball
Passed Ball!
Enrique Mendoza scores
3-1: Base on Balls
Batting: RHB Robert Marks 0-0: Ball
1-0: Ball
2-0: Foul Ball, location: 2F
2-1: SINGLE (Groundball, 6MD)
Alan Moore to second
Batting: LHB Will Hill 0-0: Ball
1-0: Ball
2-0: 3-RUN HOME RUN (Flyball, 78XD), Distance : 439 ft
Pitching: LHP Sloan Sanders
Batting: RHB Howard Russell 0-0: Called Strike
0-1: Called Strike
0-2: Ball
1-2: Strikes out looking
Top of the 2nd over - 7 run(s), 5 hit(s), 0 error(s), 0 left on base; Seattle 8 - Chula Vista 0
BOTTOM OF THE 2ND
Chula Vista Tacos batting - Pitching for Seattle Rainiers : RHP Lúcio Feliciano
Batting: SHB Walt Rodgers 0-0: Ball
1-0: Fly out, F3 (Line Drive, 3)
Batting: RHB John Martin 0-0: Ball
1-0: Ball
2-0: Ball
3-0: Base on Balls
Batting: RHB Ron Garrett 0-0: Called Strike
0-1: Ball
1-1: Called Strike
1-2: Foul Ball, location: 2F
1-2: Reached on error, E6 (Groundball, 56)
John Martin to second
Batting: LHB Joe Baker 0-0: Ball
1-0: Ball
2-0: Swinging Strike
2-1: Called Strike
2-2: Strikes out swinging
Batting: SHB Michael Aisher 0-0: Called Strike
0-1: Ball
1-1: Fielders Choice at 2nd, U6 (Groundball, 6M)
Bottom of the 2nd over - 0 run(s), 0 hit(s), 1 error(s), 2 left on base; Seattle 8 - Chula Vista 0
TOP OF THE 3RD
Seattle Rainiers batting - Pitching for Chula Vista Tacos : LHP Sloan Sanders
Batting: RHB Albert Cordero 0-0: Ball
1-0: Called Strike
1-1: Ball
2-1: Swinging Strike
2-2: Foul Ball, location: 2F
2-2: Foul Ball, location: 2F
2-2: Foul Ball, location: 2F
2-2: Strikes out swinging
Batting: RHB John Hill 0-0: Ball
1-0: SOLO HOME RUN (Flyball, 89XD), Distance : 425 ft
Batting: RHB Alfredo Farías 0-0: Fly out, F9 (Flyball, 89XD)
Batting: LHB Mike White 0-0: Swinging Strike
0-1: Swinging Strike
0-2: Foul Ball, location: 2F
0-2: Ball
1-2: Fly out, F7 (Flyball, 7M)
Top of the 3rd over - 1 run(s), 1 hit(s), 0 error(s), 0 left on base; Seattle 9 - Chula Vista 0
BOTTOM OF THE 3RD
Chula Vista Tacos batting - Pitching for Seattle Rainiers : RHP Lúcio Feliciano
Batting: RHB Gustavo Torres 0-0: Ball
1-0: Foul Ball, location: 2F
1-1: Swinging Strike
1-2: Ball
2-2: Ball
3-2: Strikes out looking
Batting: LHB Jaime Icaza 0-0: Ball
1-0: Called Strike
1-1: Called Strike
1-2: Strikes out looking
Batting: RHB Johnny Williams 0-0: Swinging Strike
0-1: Ball
1-1: Foul Ball, location: 2F
1-2: Strikes out swinging
Bottom of the 3rd over - 0 run(s), 0 hit(s), 0 error(s), 0 left on base; Seattle 9 - Chula Vista 0
TOP OF THE 4TH
Seattle Rainiers batting - Pitching for Chula Vista Tacos : LHP Sloan Sanders
Batting: RHB Enrique Mendoza 0-0: Called Strike
0-1: Foul Ball, location: 2F
0-2: Strikes out swinging
Batting: LHB Alan Moore 0-0: Called Strike
0-1: Foul Ball, location: 2F
0-2: Ball
1-2: Strikes out looking
Batting: RHB Robert Marks 0-0: Ball
1-0: Ball
2-0: DOUBLE (Groundball, 5L)
Batting: LHB Will Hill 0-0: Ground out 2-3 (Groundball, 25)
Top of the 4th over - 0 run(s), 1 hit(s), 0 error(s), 1 left on base; Seattle 9 - Chula Vista 0
BOTTOM OF THE 4TH
Chula Vista Tacos batting - Pitching for Seattle Rainiers : RHP Lúcio Feliciano
Batting: RHB Joel Carlson 0-0: Called Strike
0-1: Ground out 5-3 (Groundball, 5S)
Batting: SHB Walt Rodgers 0-0: Ground out 1-3 (Groundball, 15S)
Batting: RHB John Martin 0-0: Ball
1-0: Ball
2-0: Ball
3-0: Called Strike
3-1: Foul Ball, location: 2F
3-2: Base on Balls
Batting: RHB Ron Garrett 0-0: Ball
1-0: Fly out, F9 (Flyball, 9S)
Bottom of the 4th over - 0 run(s), 0 hit(s), 0 error(s), 1 left on base; Seattle 9 - Chula Vista 0
TOP OF THE 5TH
Seattle Rainiers batting - Pitching for Chula Vista Tacos : LHP Sloan Sanders
Batting: RHB Howard Russell 0-0: Ground out 6-3 (Groundball, 6)
Batting: RHB Albert Cordero 0-0: Ball
1-0: Called Strike
1-1: Ball
2-1: Swinging Strike
2-2: Strikes out swinging
Batting: RHB John Hill 0-0: SINGLE (Line Drive, 4D)
Batting: RHB Alfredo Farías 0-0: Ball
1-0: Ball
2-0: Ball
3-0: Called Strike
3-1: Base on Balls
John Hill to second
Batting: LHB Mike White 0-0: Called Strike
0-1: Ball
1-1: Foul Ball, location: 2F
1-2: Ball
2-2: Ball
3-2: DOUBLE (Line Drive, 9LS)
John Hill scores
Alfredo Farías to third
Alfredo Farías scores
Pinch Runner at 2nd Tom Craft:
Batting: RHB Enrique Mendoza 0-0: SINGLE (Line Drive, 89M)
Tom Craft to third
Runner from 3rd tries for Home, SAFE, no throw or cutoff
Pitching: RHP Andre Huff
Batting: LHB Alan Moore 0-0: Called Strike
0-1: Called Strike
0-2: Foul Ball, location: 2F
0-2: Foul Ball, location: 2F
0-2: Foul Ball, location: 2F
0-2: Ball
1-2: Ball
2-2: Fly out, F6 (Popup, 6)
Top of the 5th over - 3 run(s), 3 hit(s), 0 error(s), 1 left on base; Seattle 12 - Chula Vista 0
BOTTOM OF THE 5TH
Chula Vista Tacos batting - Pitching for Seattle Rainiers : RHP Lúcio Feliciano
Now in CF: Tom Craft
Batting: LHB Joe Baker 0-0: Called Strike
0-1: Ball
1-1: Swinging Strike
1-2: Ground out 3-1 (Groundball, 34)
Batting: SHB Michael Aisher 0-0: Foul Ball, location: 2F
0-1: Ball
1-1: Ball
2-1: Fly out, F8 (Flyball, 8RM)
Batting: RHB Gustavo Torres 0-0: Foul Ball, location: 2F
0-1: Foul Ball, location: 2F
0-2: Foul Ball, location: 2F
0-2: Ball
1-2: Foul Ball, location: 2F
1-2: Fly out, F9 (Flyball, 9LM)
Bottom of the 5th over - 0 run(s), 0 hit(s), 0 error(s), 0 left on base; Seattle 12 - Chula Vista 0
TOP OF THE 6TH
Seattle Rainiers batting - Pitching for Chula Vista Tacos : RHP Andre Huff
Batting: RHB Robert Marks 0-0: Ball
1-0: Ball
2-0: Ball
3-0: Called Strike
3-1: DOUBLE (Groundball, 5L)
Batting: LHB Will Hill 0-0: Ball
1-0: Ball
2-0: Ball
3-0: Base on Balls
Batting: RHB Howard Russell 0-0: Ball
1-0: Ball
2-0: Ball
3-0: Called Strike
3-1: Grounds into double play, 6-4-3 (Groundball, 6)
Robert Marks to third
Batting: RHB Albert Cordero 0-0: Called Strike
0-1: Foul Ball, location: 2F
0-2: Strikes out looking
Top of the 6th over - 0 run(s), 1 hit(s), 0 error(s), 1 left on base; Seattle 12 - Chula Vista 0
BOTTOM OF THE 6TH
Chula Vista Tacos batting - Pitching for Seattle Rainiers : RHP Lúcio Feliciano
Batting: LHB Jaime Icaza 0-0: Ball
1-0: Foul Ball, location: 2F
1-1: Ball
2-1: Ball
3-1: Foul Ball, location: 2F
3-2: Foul Ball, location: 2F
3-2: Base on Balls
Batting: RHB Johnny Williams 0-0: Ball
Wild Pitch!
Jaime Icaza to second
1-0: Ball
2-0: SINGLE (Line Drive, 8LS)
Jaime Icaza to third
Runner from 3rd tries for Home, SAFE, no throw or cutoff
Batting: RHB Joel Carlson 0-0: Called Strike
0-1: Grounds into double play, 5-4-3 (Groundball, 5)
Batting: SHB Walt Rodgers 0-0: Called Strike
0-1: Ball
1-1: Called Strike
1-2: Foul Ball, location: 2F
1-2: Ball
2-2: Strikes out swinging
Bottom of the 6th over - 1 run(s), 1 hit(s), 0 error(s), 0 left on base; Seattle 12 - Chula Vista 1
TOP OF THE 7TH
Seattle Rainiers batting - Pitching for Chula Vista Tacos : RHP Andre Huff
Batting: RHB John Hill 0-0: Ball
1-0: Ball
2-0: Ball
3-0: Called Strike
3-1: Foul Ball, location: 2F
3-2: Base on Balls
Batting: RHB Alfredo Farías Pickoff Throw to First - Out!
0-0: Ball
1-0: Foul Ball, location: 2F
1-1: Swinging Strike
1-2: Foul Ball, location: 2F
1-2: Ball
2-2: Strikes out swinging
Batting: LHB Tom Craft 0-0: Swinging Strike
0-1: Called Strike
0-2: Ball
1-2: Foul Ball, location: 2F
1-2: Strikes out looking
Top of the 7th over - 0 run(s), 0 hit(s), 0 error(s), 0 left on base; Seattle 12 - Chula Vista 1
BOTTOM OF THE 7TH
Chula Vista Tacos batting - Pitching for Seattle Rainiers : RHP Lúcio Feliciano
Pitching: LHP Tommy Corrigan
Batting: RHB John Martin 0-0: Ball
1-0: Called Strike
1-1: Swinging Strike
1-2: Ball
2-2: Ball
3-2: Strikes out swinging
Batting: RHB Ron Garrett 0-0: Ball
1-0: Ball
2-0: Called Strike
2-1: Ball
3-1: Called Strike
3-2: Base on Balls
Batting: LHB Joe Baker 0-0: Ball
1-0: Called Strike
1-1: Ball
2-1: Foul Ball, location: 2F
2-2: Ball
3-2: Strikes out swinging
Batting: SHB Michael Aisher 0-0: Ball
1-0: Called Strike
1-1: Swinging Strike
1-2: Ball
2-2: Foul Ball, location: 2F
2-2: Strikes out swinging
Bottom of the 7th over - 0 run(s), 0 hit(s), 0 error(s), 1 left on base; Seattle 12 - Chula Vista 1
TOP OF THE 8TH
Seattle Rainiers batting - Pitching for Chula Vista Tacos : RHP Andre Huff
Pitching: LHP Alejandro Flores
Batting: RHB Enrique Mendoza 0-0: Fly out, F8 (Flyball, 8LS)
Batting: LHB Alan Moore 0-0: Ball
1-0: Fly out, F8 (Line Drive, 8LS)
Batting: RHB Robert Marks 0-0: Ball
1-0: Ball
2-0: Foul Ball, location: 2F
2-1: Swinging Strike
2-2: Foul Ball, location: 2F
2-2: Foul Ball, location: 2F
2-2: Ball
3-2: Base on Balls
Batting: LHB Will Hill 0-0: Swinging Strike
0-1: Swinging Strike
0-2: Ball
1-2: Ball
2-2: Strikes out looking
Top of the 8th over - 0 run(s), 0 hit(s), 0 error(s), 1 left on base; Seattle 12 - Chula Vista 1
BOTTOM OF THE 8TH
Chula Vista Tacos batting - Pitching for Seattle Rainiers : LHP Tommy Corrigan
Batting: RHB Gustavo Torres 0-0: Bunt for hit - play at first, batter OUT! 2-3
Batting: LHB Jaime Icaza 0-0: Called Strike
0-1: Called Strike
0-2: Strikes out swinging
Pinch Hitting: RHB Ric Henley 0-0: Called Strike
0-1: Ground out 6-3 (Groundball, 6M)
Bottom of the 8th over - 0 run(s), 0 hit(s), 0 error(s), 0 left on base; Seattle 12 - Chula Vista 1
TOP OF THE 9TH
Seattle Rainiers batting - Pitching for Chula Vista Tacos : LHP Alejandro Flores
Now in LF: Ric Henley
Pinch Hitting: RHB Jeremiah Soto Reached via error on a dropped throw, E3
Batting: RHB Albert Cordero 0-0: Bunted foul
0-1: Bunt missed!
0-2: Fly out, F8 (Flyball, 8LD)
Runner from 1st tags up, SAFE at 2nd
Batting: RHB John Hill 0-0: Swinging Strike
0-1: Called Strike
0-2: Strikes out swinging
Batting: RHB Alfredo Farías 0-0: Hit by Pitch
Batting: LHB Tom Craft 0-0: Ball
1-0: Swinging Strike
1-1: Ground out 5-3 (Groundball, 56)
Top of the 9th over - 0 run(s), 0 hit(s), 1 error(s), 2 left on base; Seattle 12 - Chula Vista 1
BOTTOM OF THE 9TH
Chula Vista Tacos batting - Pitching for Seattle Rainiers : LHP Tommy Corrigan
Now at 2B: Emílio Cervantes
Now at SS: Jorge Colón
Batting: RHB Joel Carlson 0-0: DOUBLE (Line Drive, 9LS)
Batting: SHB Walt Rodgers 0-0: Ground out 5-3 (Groundball, 56)
Batting: RHB John Martin 0-0: Ball
1-0: Fly out, F6 (Popup, 6M)
Batting: RHB Ron Garrett 0-0: Ball
Wild Pitch!
Joel Carlson to third
1-0: Ball
2-0: Ground out 5-3 (Groundball, 56)
Bottom of the 9th over - 0 run(s), 1 hit(s), 0 error(s), 1 left on base; Seattle 12 - Chula Vista 1
Monday, December 5th, 2016 - OOTP Baseball 17.12 Build 75